 Dungeon Crawl Stone Soup version 0.18-a0-1024-gf1736fb (webtiles) character file.

55 vatarom the Skirmisher (level 3, 0/33 HPs)
             Began as a Demonspawn Gladiator on Jan 7, 2016.
             Slain by an orc
             ... wielding a +0 mace
              (1 damage)
             ... on level 3 of the Dungeon.
             The game lasted 00:05:15 (1450 turns).

vatarom the Skirmisher (Demonspawn Gladiator)       Turns: 1450, Time: 00:05:16

Health: 0/33       AC:  4    Str: 13 (16) XL:     3   Next: 67%
Magic:  0/3        EV: 12    Int:  9      God:
Gold:   139        SH:  0    Dex: 13      Spells: 1 memorised, 1 level left

rFire  . . .     SeeInvis .     a - +0 flail
rCold  . . .     Gourm    .     b - +0 leather armour
rNeg   . . .     Faith    .     (no shield)
rPois  .         Spirit   +     c - +0 helmet
rElec  .         Dismiss  .     (no cloak)
rCorr  .         Reflect  .     (no gloves)
SustAt .         Harm     .     (no boots)
MR     .....                    (no amulet)
Stlth  +.........               (no ring)
                                (no ring)

@: not resistant to hostile enchantments, very unstealthy
A: robust 1, magic shield, magic regeneration
a: no special abilities


You were on level 3 of the Dungeon.
You were not hungry.

You visited 1 branch of the dungeon, and saw 3 of its levels.

You collected 139 gold pieces.

Inventory:

Hand Weapons
 a - a +0 flail (weapon)
Missiles
 d - 3 throwing nets (quivered)
Armour
 b - a +0 leather armour (worn)
 c - a +0 helmet (worn)
Jewellery
 j - a cursed ring of loudness {unknown}
Scrolls
 g - a scroll of identify
 h - a scroll of remove curse
Books
 e - Sif Muna's Incunabulum of the Entourage
   (You found it on level 2 of the Dungeon)

   Spells                             Type                      Level
   a - Summon Butterflies             Summoning                    1
Comestibles
 f - 2 bread rations
 i - 3 fruits


   Skills:
 + Level 4.1 Fighting
 - Level 2.6 Maces & Flails
 - Level 1.7 Throwing
 - Level 2.6 Dodging


You had one spell level left.
You knew the following spells:

 Your Spells              Type           Power        Failure   Level  Hunger
a - Summon Butterflies    Summ           #.......     54%         1    ##.....


Dungeon Overview and Level Annotations

Branches:
Dungeon (3/15)

Altars:
Kikubaaqudgha
Sif Muna
Vehumet


Innate Abilities, Weirdness & Mutations

When hurt, damage is shared between your health and your magic reserves.
You regenerate magic rapidly.
You are robust (+10% HP).


Message History

The orc misses you. Something hits you but does no damage.
The orc hits you with a mace.
* * * LOW HITPOINT WARNING * * *
Something hits you.
* * * LOW HITPOINT WARNING * * *
The orc barely misses you.
Items here: ))) †† a dagger; a club x2 an orc corpse x2
You closely miss something. The orc barely misses you.
Something hits you but does no damage. The orc misses you.
Unknown command.
You miss something. Something hits you but does no damage.
The orc hits you but does no damage. x2
Something hits you.
* * * LOW HITPOINT WARNING * * *
Unknown command.
You aren't carrying any potions.
The orc barely misses you. Something hits you.
Unknown command.
You hit something. The orc hits you with a mace.
You die...

..........# #.#
..........+ ...
..........# #.#
..........########
#.#
.................#
#.#
.................#
#.#
......o.##.......#
##'#
#o##.......#####...
#{@'.......+.......
######.......#####...
+............'.....(.
######.......########
#.......# # #########


You could see 2 orcs.

Vanquished Creatures
  An adder (D:2)
  A worm (D:2)
  3 orcs (D:3)
  A ball python (D:2)
  A giant cockroach (D:2)
  5 hobgoblins
  2 jackals (D:3)
  5 kobolds
  4 bats (D:2)
  A giant newt (D:3)
  6 goblins
  9 rats
39 creatures vanquished.

Notes
Turn   | Place    | Note
--------------------------------------------------------------
     0 | D:1      | vatarom the Demonspawn Gladiator began the quest for the Orb.
     0 | D:1      | Reached XP level 1. HP: 16/16 MP: 1/1
   355 | D:1      | You are sucked into a shaft!
   376 | D:2      | Gained mutation: When hurt, damage is shared between your health and your magic reserves. [demonic ancestry]
   376 | D:2      | Reached XP level 2. HP: 21/23 MP: 2/2
   422 | D:2      | Found a deep blue altar of Sif Muna.
   424 | D:2      | Found a radiant altar of Vehumet.
   424 | D:2      | Found an ancient bone altar of Kikubaaqudgha.
   429 | D:2      | Identified Sif Muna's Incunabulum of the Entourage
   432 | D:2      | Learned a level 1 spell: Summon Butterflies
   445 | D:2      | Identified Kikubaaqudgha's Catalogue of Stolen Souls
   455 | D:2      | Identified Vehumet's Catalogue of the Pit
   547 | D:2      | Reached skill level 3 in Fighting
   787 | D:2      | Gained mutation: You regenerate magic rapidly. [demonic ancestry]
   787 | D:2      | Reached XP level 3. HP: 29/29 MP: 3/3
   849 | D:2      | Gained mutation: You are robust (+10% HP). [potion of beneficial mutation]
  1435 | D:3      | Reached skill level 4 in Fighting
  1448 | D:3      | HP: 1/33 [something (2)]
  1450 | D:3      | Slain by an orc

Vault maps used:
D:1:      dpeg_chamrin_arrival_tetris
D:2:      grunt_temple_overflow_magic_moments

Action                   || total
-------------------------++-------
Melee: Flail             ||   157
  Use: Potion            ||     6
       Scroll            ||     5
 Stab: Sleeping          ||     2
  Eat: Bread ration      ||     1
